 Dungeon Crawl Stone Soup version 0.30-a0-459-g9104f0fc43 (webtiles) character file.

Game seed: 7559572590536542185

475 tilp the Slasher (level 7, -7/60 HPs)
             Began as a Meteoran Fighter on Dec 15, 2022.
             Was an Initiate of Ru.
             Mangled by an ogre
             ... wielding a +0 giant club
              (28 damage)
             ... on level 5 of the Dungeon.
             The game lasted 00:07:35 (1053 turns).

tilp the Slasher (Meteoran Fighter)                 Turns: 1053, Time: 00:07:36

Health: -7/60      AC: 11    Str: 18    XL:     7   Next: 58%
Magic:  8/8        EV:  8    Int: 10    God:    Ru [......]
Gold:   118        SH:  5    Dex: 15    Spells: 6/6 levels left

rFire   . . .      SeeInvis .    a - +0 long sword
rCold   . . .      Faith    .    c - +0 buckler
rNeg    . . .      Spirit   .    d - +0 chain mail
rPois   +          Reflect  .    (no helmet)
rElec   .          Harm     .    (no cloak)
rCorr   .          Rampage  .    (no gloves)
Will    .....                    (no boots)
Stlth   ..........               (no amulet)
HPRegen 0.30/turn                (no ring)
MPRegen 0.11/turn                (no ring)

@: glowing, unable to read
A: sense surroundings 1, otherworldly, glowing, explore regen, iridescent scales
1, poison resistance, inability to read after injury 1
a: Renounce Religion


You were on level 5 of the Dungeon.
You worshipped Ru.
Ru was noncommittal.
You visited 1 branch of the dungeon, and saw 5 of its levels.

You collected 118 gold pieces.

Inventory:

Hand Weapons
 a - a +0 long sword (weapon)
Missiles
 f - a poisoned dart (quivered)
Armour
 b - a +0 scale mail
 c - a +0 buckler (worn)
 d - a +0 chain mail (worn)
Wands
 j - a wand of flame (3)
Scrolls
 h - a scroll of immolation {unknown}
 n - a scroll of summoning {unknown}
Potions
 e - 2 potions of resistance {unknown}
 g - 3 potions of curing
 i - a potion of berserk rage {unknown}
 k - a potion of degeneration {unknown}
 l - 2 potions of heal wounds {unknown}
 m - a potion of mutation


   Skills:
 + Level 4.4 Fighting
 + Level 4.5 Long Blades
 - Level 4.0 Armour
 + Level 4.5 Dodging
 + Level 2.4 Stealth
 - Level 4.0 Shields
 + Level 1.7 Evocations


You had 6 spell levels left.
You didn't know any spells.
Your spell library was empty.

Dungeon Overview and Level Annotations

Branches:
Dungeon (5/15) Zot: 1869
 Temple: D:4-7

Altars:
Ru
Xom
The Shining One

Shops:
D:5 *

Portals:
Ossuary: D:5


Innate Abilities, Weirdness & Mutations

You passively map a small area around you.
You are easily found by Zot.
You glow in the dark.
You regain HP and MP as you explore.
You are partially covered in iridescent scales. (AC +2)
Your system is resistant to poisons. (rPois)
You occasionally lose the ability to read scrolls when taking damage.


Message History

The slug dart hits you but does no damage.
Found a potion of curing.
You slash the dart slug!
You kill the dart slug!
No target in view!
An ogre comes into view. It is wielding a +0 giant club.
The ogre shouts!
There is a sand-covered staircase here.
Throw: 2 darts (poison)
Press: ? - help, Q - select action, (/) - cycle Shift-Dir - straight line, f - ogre
Aim: an ogre, wielding a +0 giant club (75% to hit)
You throw a poisoned dart. The poisoned dart hits the ogre.
Unknown command.
You hit the ogre.
The ogre is lightly wounded.
The ogre hits you with a +0 giant club.
You hit the ogre.
The ogre is moderately wounded.
The ogre barely misses you.
You hit the ogre.
The ogre is moderately wounded.
The ogre hits you with a +0 giant club!!
You hit the ogre.
The ogre is moderately wounded.
The ogre hits you but does no damage.
You hit the ogre.
The ogre is heavily wounded.
You hit the ogre but do no damage.
The ogre is heavily wounded.
The ogre hits you with a +0 giant club.
You slash the ogre!
The ogre is severely wounded.
The ogre hits you with a +0 giant club!
* * * LOW HITPOINT WARNING * * *
You slash the ogre!
The ogre is almost dead.
You hear the slow hiss of an avalanche of sand.
The ogre hits you with a +0 giant club!!
You feel threatened and lose the ability to read scrolls!
You die...

#.#....#.##..:....# *
.....#..∩....$....#
#.#....#..#.......#
#.#.##.##.#.......# ***
..#.##.##.#....8..#
###.##.##.##......#####
#.......###8.∩.8.....
#.......# #.....####.
####.#### #..8@....# ,
*.# ##..O.......* *
###.(.....#* * ,
,..!.....# ** *
#.......# ##.....##
*#...## #### *


You could see an ogre.

Vanquished Creatures
  2 black bears
  A bullfrog (D:5)
  A scorpion (D:5)
  An iguana (D:4)
  An orc wizard (D:4)
  A gnoll (D:5)
  5 adders
  A white imp (D:5)
  2 worms (D:2)
  2 dart slugs
  An orc (D:5)
  2 giant cockroaches
  3 goblins
  5 hobgoblins
  8 jackals
  A quokka (D:1)
  4 ball pythons
  6 bats
  2 frilled lizards
  7 kobolds
  A rat (D:1)
57 creatures vanquished.

Notes
Turn   | Place    | Note
-------+----------+-------------------------------------------
     0 | D:1      | tilp the Meteoran Fighter began the quest for the Orb.
     0 | D:1      | Reached XP level 1. HP: 19/19 MP: 2/2
    76 | D:1      | Reached XP level 2. HP: 19/26 MP: 3/3
    88 | D:1      | Reached skill level 1 in Dodging
   216 | D:2      | Reached XP level 3. HP: 31/31 MP: 4/4
   301 | D:3      | Found a faded altar of an unknown god.
   304 | D:3      | Found a glowing golden altar of the Shining One.
   339 | D:2      | Found a shimmering altar of Xom.
   357 | D:2      | Gained mutation: You are partially covered in iridescent
                  | scales. (AC +2) [potion of mutation]
   357 | D:2      | Gained mutation: You occasionally lose the ability to read
                  | scrolls when taking damage. [potion of mutation]
   357 | D:2      | Gained mutation: Your system is resistant to poisons.
                  | (rPois) [potion of mutation]
   368 | D:2      | Reached XP level 4. HP: 14/38 MP: 5/5
   808 | D:4      | Reached skill level 1 in Stealth
   808 | D:4      | Reached XP level 5. HP: 42/46 MP: 6/6
   835 | D:4      | Found a sacrificial altar of Ru.
   864 | D:4      | Became a worshipper of Ru the Awakened
   869 | D:4      | Noticed a black bear
   886 | D:4      | Killed a black bear
   887 | D:4      | Reached XP level 6. HP: 21/52 MP: 7/7
   914 | D:5      | Entered Level 5 of the Dungeon
   944 | D:5      | Noticed a black bear
   957 | D:5      | Reached XP level 7. HP: 48/59 MP: 8/8
   963 | D:5      | Reached skill level 1 in Evocations
  1019 | D:5      | Found Riepnuj's General Store.
  1033 | D:5      | Found a sand-covered staircase.
  1053 | D:5      | Mangled by an ogre

Illustrated notes

Levels and vault maps discovered:
D:1:      dpeg_arrival_shelter, layout_basic, serial_shops, shop_statue,
          dilly_ecumenical_altar_fadedgnrine
D:2:      layout_basic, basic_altar, uniq_sigmund
D:3:      layout_loops_cross, nicolae_overflow_ecumenical_swirl,
          yredelemnul_forgotten_temple_becter, serial_shops,
          nicolae_shop_behind_doors
D:4:      layout_loops_ring, nicolae_ru_great_annihilating_truth,
          kennysheep_small_spiral, minmay_misc_feat_alley, minmay_liquid_box
D:5:      layout_loops_cross, mainiacjoe_overflow_six_doors_small,
          nicolae_ossuary_entry_monument, serial_shops, shop,
          minmay_chambers_of_fives

Skill      XL: |  1  2  3  4  5  6  7 |
---------------+----------------------+-----
Dodging        | 1 2 3 4 |  4.5
Shields        | 4 |  4.0
Armour         | 4 |  4.0
Long Blades    | 3 4 |  4.5
Stealth        | 1 2 |  2.4
Fighting       | 4 |  4.4
Evocations     | 1 |  1.7

Action                   |  1- 3 |  4- 6 |  7- 9 || total
-------------------------+-------+-------+-------++-------
Melee: Long sword        |   115 |   122 |    29 ||   266
Throw: Dart              |       |       |     1 ||     1
  Use: Potion            |     4 |     1 |       ||     5
       Scroll            |       |     5 |       ||     5
 Stab: Paralysed         |       |     3 |       ||     3
Armor: Scale mail        |   127 |    82 |    10 ||   219
       Chain mail        |       |       |     8 ||     8
Dodge: Dodged            |    80 |    62 |     5 ||   147
Block: Buckler           |    46 |    42 |     5 ||    93

Table legend: (Time is in decaauts)
 A = Elapsed time spent in this place.
 B = Non-inter-level travel time spent in this place.
 C = Inter-level travel time spent in this place.
 D = Time resting spent in this place.
 E = Time spent auto-exploring this place.
 F = Levels seen in this place.
 G = Mean time per level.
                   A        B        C        D        E       F      G
               +--------+--------+--------+--------+--------+-----+--------+
         Total |   1129 |    985 |    144 |      4 |      0 |   5 |  225.8 |
       Dungeon |   1129 |    985 |    144 |      4 |      0 |   5 |  225.8 |
               +--------+--------+--------+--------+--------+-----+--------+

Top non-repeatable levels by time:
     D:4: 290 daAuts
     D:2: 286 daAuts
     D:3: 283 daAuts
     D:5: 143 daAuts
     D:1: 125 daAuts
